 Dungeon Crawl Stone Soup version 0.29.0-4-gdea44cf6ec (webtiles) character file.

Game seed: 2806854417320828750

114 qw the Caller (level 4, -1/36 HPs)
             Began as a Ghoul Summoner on Sept 9, 2022.
             Slain by Pargi (3 damage)
             ... on level 4 of the Dungeon.
             The game lasted 00:01:30 (3577 turns).

qw the Caller (Ghoul Summoner)                      Turns: 3577, Time: 00:01:30

Health: -1/36      AC:  5    Str: 12 (13) XL:     4   Next: 98%
Magic:  0/5        EV: 14    Int: 10      God:
Gold:   187        SH:  0    Dex:  8 (9)  Spells: 5/6 levels left

rFire   . . .      SeeInvis .   Y - +0 whip
rCold   + . .      Faith    .   (no shield)
rNeg    + + +      Spirit   .   d - +0 ring mail
rPois   inf        Reflect  .   (no helmet)
rElec   .          Harm     .   (no cloak)
rCorr   .          Rampage  .   (no gloves)
Will    .....                   (no boots)
Stlth   +.........              (no amulet)
HPRegen 0.00/turn               h - +4 ring of evasion
MPRegen 0.09/turn               (no ring)

@: very slightly contaminated, inhibited regen
A: claws 1, cold resistance 1, negative energy resistance 3, inhibited
regeneration, torment resistance 2, devour on kill
a: no special abilities


You were on level 4 of the Dungeon.
You visited 1 branch of the dungeon, and saw 4 of its levels.

You collected 187 gold pieces.


Innate Abilities, Weirdness & Mutations

You are immune to poison.
You have sharp fingernails.
Your flesh is cold resistant. (rC+)
You are immune to negative energy. (rN+++)
You do not regenerate when monsters are visible.
You are immune to unholy pain and torment.
You thrive by killing the living.


   Skills:
 - Level 2.0 Fighting
 + Level 3.5 Axes
 - Level 1.7 Dodging
 - Level 2.1 Stealth
 - Level 1.7 Spellcasting
 - Level 3.6 Summonings


You had 5 spell levels left.
You knew the following spells:

 Your Spells              Type           Power      Damage    Failure   Level
a - Summon Small Mammal   Summ           32%        N/A       17%         1

Your spell library contained the following spells:

 Spells                   Type           Power      Damage    Failure   Level
 Call Imp                 Summ           8%         N/A       26%         2
 Call Canine Familiar     Summ           8%         N/A       45%         3
 Summon Guardian Golem    Hex/Summ       4%         N/A       71%         3
 Summon Lightning Spire   Summ/Air       4%         N/A       98%         4

Inventory:

Hand Weapons
 Y - a +0 whip (weapon)
Armour
 d - a +0 ring mail (worn)
Jewellery
 h - a +4 ring of evasion (left claw)
Scrolls
 b - a scroll of silence {unknown}
 c - a scroll of brand weapon {unknown}
 e - a scroll of identify
Potions
 a - 2 potions of mutation
 f - a potion of might
 g - a potion of heal wounds {unknown}

Dungeon Overview and Level Annotations

Branches:
Dungeon (4/15)
 Temple: D:4-7

Altars:
Ashenzari

Annotations:
D:3 1 runed translucent door, Crazy Yiuf
D:4 Pargi


Message History

Your rat bites the jackal.
Pargi bites you. Pargi claws you but does no damage. Pargi claws you.
3572 ||| Stepping ~*~*~tactically~*~*~ (outnumbered).
You swap places.
The jackal bites your rat.
Your rat dies!
Your rat's corpse disappears in a puff of smoke!
Your bat hits Pargi. You closely miss the jackal.
The jackal is heavily wounded.
Your bat hits Pargi.
Your bat barely misses Pargi.
Pargi barely misses you. Pargi claws you but does no damage. Pargi claws you.
Your bat hits Pargi but does no damage.
Your magical contamination has completely faded away.
You completely miss Pargi.
Pargi is lightly wounded.
Your bat barely misses Pargi.
Your bat hits Pargi.
The jackal bites you but does no damage.
Pargi closely misses you. x2; Pargi barely misses you.
Your bat barely misses Pargi.
3575 ||| Stepping ~*~*~tactically~*~*~ (outnumbered).
You swap places.
Your bat barely misses Pargi.
The jackal closely misses your bat.
Your bat misses Pargi. Pargi bites you. Pargi claws you but does no damage. x2
Your bat hits the jackal but does no damage.
The jackal bites your bat.
3576 ||| CASTING Summon Small Mammal
Casting: Summon Small Mammal (safe; 17% risk of failure)
Confirm with . or Enter, or press ? or * to list all spells.
You miscast Summon Small Mammal.
You are very lightly contaminated with residual magic.
Nothing appears to happen.
Your bat closely misses the jackal.
Your bat misses the jackal. The jackal bites your bat.
Your bat dies!
Your bat's corpse disappears in a puff of smoke!
Pargi completely misses you. Pargi claws you but does no damage. x2
You closely miss Pargi. Pargi barely misses you. Pargi claws you.
You die...

#...#.#.............# #
###....#####....<...#
######.................#
#............[..........
........>...##...<......
......................#
............. #h#h..#
............ #hT#
......)..... ##@##
............ #..#
............## ##.#
#......... ..# #.#
#.#######. #.# #.# #.##
#.##.####.# #..###
#......##.#
##...######.##.##.#
###........##....#


You could see Pargi and 3 jackals.

Vanquished Creatures
  5 adders
  A worm (D:2)
  A dart slug (D:3)
  A ball python (D:3)
  5 bats
  A giant cockroach (D:3)
  A goblin (D:2)
  A hobgoblin (D:1)
  4 kobolds
  2 rats
22 creatures vanquished.

Vanquished Creatures (collateral kills)
  2 adders (D:2)
  2 dart slugs
  A bat (D:1)
  3 endoplasms
  A goblin (D:1)
  2 hobgoblins (D:3)
  3 jackals (D:3)
  4 kobolds
  A ball python (D:2)
  3 frilled lizards
  A rat (D:1)
23 creatures vanquished.

Grand Total: 45 creatures vanquished

Notes
Turn   | Place    | Note
-------+----------+-------------------------------------------
     0 | D:1      | qw the Ghoul Summoner began the quest for the Orb.
     0 | D:1      | Reached XP level 1. HP: 14/14 MP: 2/2
     0 | D:1      | 0 ||| qw: Version: 0.1-a-113-g051387a
     0 | D:1      | 0 ||| qw: Game counter: 6927
     0 | D:1      | 0 ||| qw: Always use a shield: true
     0 | D:1      | 0 ||| qw: God list: Okawaru
     0 | D:1      | 0 ||| qw: Allow faded altars: false
     0 | D:1      | 0 ||| qw: Do Orc after D:15 true
     0 | D:1      | 0 ||| qw: Do second Lair branch before Depths: true
     0 | D:1      | 0 ||| qw: Lair rune preference: random
     0 | D:1      | 0 ||| qw: Plans: Normal
     0 | D:1      | 0 ||| PLANNING D:1-11
    24 | D:1      | 24 ||| CASTING Summon Small Mammal
    25 | D:1      | 25 ||| CASTING Summon Small Mammal
    52 | D:1      | 52 ||| Wielding weapon +0 short sword.
   100 | D:1      | 100 ||| CASTING Summon Small Mammal
   101 | D:1      | 101 ||| CASTING Summon Small Mammal
   113 | D:1      | 113 ||| CASTING Summon Small Mammal
   115 | D:1      | Reached skill level 1 in Axes
   125 | D:1      | 125 ||| CASTING Summon Small Mammal
   129 | D:1      | Reached XP level 2. HP: 22/22 MP: 0/3
   202 | D:1      | 202 ||| CASTING Summon Small Mammal
   203 | D:1      | 203 ||| CASTING Summon Small Mammal
   204 | D:1      | 204 ||| CASTING Summon Small Mammal
   206 | D:1      | Reached skill level 1 in Fighting
   245 | D:1      | 245 ||| SWAPPING to +0 whip.
   246 | D:1      | 246 ||| DROPPING +0 short sword.
   262 | D:1      | 262 ||| CASTING Summon Small Mammal
   263 | D:1      | 263 ||| CASTING Summon Small Mammal
   264 | D:1      | 264 ||| CASTING Summon Small Mammal
   307 | D:1      | 307 ||| CASTING Summon Small Mammal
   308 | D:1      | 308 ||| CASTING Summon Small Mammal
   309 | D:1      | 309 ||| CASTING Summon Small Mammal
   507 | D:1      | 507 ||| CASTING Summon Small Mammal
   508 | D:1      | 508 ||| CASTING Summon Small Mammal
   509 | D:1      | 509 ||| CASTING Summon Small Mammal
   520 | D:1      | 520 ||| CASTING Summon Small Mammal
   569 | D:1      | 569 ||| CASTING Summon Small Mammal
   570 | D:1      | 570 ||| CASTING Summon Small Mammal
   571 | D:1      | 571 ||| CASTING Summon Small Mammal
   624 | D:1      | 624 ||| CASTING Summon Small Mammal
   625 | D:1      | 625 ||| CASTING Summon Small Mammal
   626 | D:1      | 626 ||| CASTING Summon Small Mammal
   688 | D:1      | 688 ||| CASTING Summon Small Mammal
   689 | D:1      | 689 ||| CASTING Summon Small Mammal
   690 | D:1      | 690 ||| CASTING Summon Small Mammal
   848 | D:1      | 848 ||| UPGRADING to +0 ring mail.
   858 | D:1      | 858 ||| DROPPING +0 robe.
   859 | D:1      | 859 ||| READING scroll labelled ICUR OMIOTWUWK.
   860 | D:1      | 860 ||| DROPPING potion of magic.
   933 | D:2      | 933 ||| CASTING Summon Small Mammal
   934 | D:2      | 934 ||| CASTING Summon Small Mammal
   935 | D:2      | 935 ||| CASTING Summon Small Mammal
   974 | D:2      | 974 ||| CASTING Summon Small Mammal
   975 | D:2      | 975 ||| CASTING Summon Small Mammal
   976 | D:2      | 976 ||| CASTING Summon Small Mammal
   986 | D:2      | Reached XP level 3. HP: 25/28 MP: 1/4
   986 | D:2      | 986 ||| CASTING Summon Small Mammal
  1048 | D:2      | Found a broken altar of Ashenzari.
  1178 | D:2      | 1178 ||| CASTING Summon Small Mammal
  1180 | D:2      | 1180 ||| CASTING Summon Small Mammal
  1181 | D:2      | 1181 ||| CASTING Summon Small Mammal
  1182 | D:2      | 1182 ||| CASTING Summon Small Mammal
  1189 | D:2      | 1189 ||| CASTING Summon Small Mammal
  1255 | D:2      | 1255 ||| CASTING Summon Small Mammal
  1256 | D:2      | 1256 ||| CASTING Summon Small Mammal
  1257 | D:2      | 1257 ||| CASTING Summon Small Mammal
  1330 | D:2      | 1330 ||| CASTING Summon Small Mammal
  1331 | D:2      | 1331 ||| CASTING Summon Small Mammal
  1332 | D:2      | 1332 ||| CASTING Summon Small Mammal
  1333 | D:2      | 1333 ||| CASTING Summon Small Mammal
  1386 | D:2      | 1386 ||| CASTING Summon Small Mammal
  1387 | D:2      | 1387 ||| CASTING Summon Small Mammal
  1388 | D:2      | 1388 ||| CASTING Summon Small Mammal
  1389 | D:2      | 1389 ||| CASTING Summon Small Mammal
  1473 | D:2      | 1473 ||| CASTING Summon Small Mammal
  1474 | D:2      | 1474 ||| CASTING Summon Small Mammal
  1475 | D:2      | 1475 ||| CASTING Summon Small Mammal
  1476 | D:2      | 1476 ||| CASTING Summon Small Mammal
  1531 | D:2      | You fall into a shaft and drop 1 floor!
  1534 | D:3      | 1534 ||| Stepping ~*~*~tactically~*~*~ (stealth).
  1536 | D:3      | 1536 ||| CASTING Summon Small Mammal
  1537 | D:3      | 1537 ||| CASTING Summon Small Mammal
  1538 | D:3      | 1538 ||| CASTING Summon Small Mammal
  1539 | D:3      | 1539 ||| CASTING Summon Small Mammal
  1547 | D:3      | 1547 ||| CASTING Summon Small Mammal
  1662 | D:3      | 1662 ||| CASTING Summon Small Mammal
  1663 | D:3      | 1663 ||| CASTING Summon Small Mammal
  1664 | D:3      | 1664 ||| CASTING Summon Small Mammal
  1665 | D:3      | 1665 ||| CASTING Summon Small Mammal
  1672 | D:3      | Reached XP level 4. HP: 32/36 MP: 0/5
  1673 | D:3      | 1673 ||| CASTING Summon Small Mammal
  1738 | D:3      | 1738 ||| UPGRADING to +4 ring of evasion.
  1739 | D:3      | 1739 ||| READING scroll labelled UTTADU WUOHIKH.
  1740 | D:3      | 1740 ||| READING scroll labelled MUVEAJ ONIAST.
  1741 | D:3      | 1741 ||| READING scroll labelled IMORAM GOMOZUTUE.
  1746 | D:3      | 1746 ||| READING scroll labelled CIAMAPPEATE.
  1747 | D:3      | 1747 ||| DRINKING 2 sedimented ruby potions.
  1761 | D:3      | 1761 ||| Stepping ~*~*~tactically~*~*~ (stealth).
  1762 | D:3      | 1762 ||| CASTING Summon Small Mammal
  1763 | D:3      | 1763 ||| CASTING Summon Small Mammal
  1764 | D:3      | 1764 ||| CASTING Summon Small Mammal
  1765 | D:3      | 1765 ||| CASTING Summon Small Mammal
  1766 | D:3      | 1766 ||| CASTING Summon Small Mammal
  1819 | D:3      | 1819 ||| CASTING Summon Small Mammal
  1820 | D:3      | 1820 ||| CASTING Summon Small Mammal
  1821 | D:3      | 1821 ||| CASTING Summon Small Mammal
  1822 | D:3      | 1822 ||| CASTING Summon Small Mammal
  1823 | D:3      | 1823 ||| CASTING Summon Small Mammal
  1830 | D:3      | 1830 ||| CASTING Summon Small Mammal
  1841 | D:3      | 1841 ||| CASTING Summon Small Mammal
  1852 | D:3      | 1852 ||| CASTING Summon Small Mammal
  2268 | D:2      | 2268 ||| CASTING Summon Small Mammal
  2269 | D:2      | 2269 ||| CASTING Summon Small Mammal
  2270 | D:2      | 2270 ||| CASTING Summon Small Mammal
  2271 | D:2      | 2271 ||| CASTING Summon Small Mammal
  2272 | D:2      | 2272 ||| CASTING Summon Small Mammal
  2341 | D:3      | 2341 ||| CASTING Summon Small Mammal
  2342 | D:3      | 2342 ||| CASTING Summon Small Mammal
  2343 | D:3      | 2343 ||| CASTING Summon Small Mammal
  2344 | D:3      | 2344 ||| CASTING Summon Small Mammal
  2345 | D:3      | 2345 ||| CASTING Summon Small Mammal
  2350 | D:3      | Reached skill level 3 in Axes
  2352 | D:3      | 2352 ||| CASTING Summon Small Mammal
  2412 | D:3      | 2412 ||| CASTING Summon Small Mammal
  2413 | D:3      | 2413 ||| CASTING Summon Small Mammal
  2414 | D:3      | 2414 ||| CASTING Summon Small Mammal
  2415 | D:3      | 2415 ||| CASTING Summon Small Mammal
  2416 | D:3      | 2416 ||| CASTING Summon Small Mammal
  2423 | D:3      | 2423 ||| CASTING Summon Small Mammal
  2487 | D:3      | 2487 ||| CASTING Summon Small Mammal
  2488 | D:3      | 2488 ||| CASTING Summon Small Mammal
  2489 | D:3      | 2489 ||| CASTING Summon Small Mammal
  2490 | D:3      | 2490 ||| CASTING Summon Small Mammal
  2491 | D:3      | 2491 ||| CASTING Summon Small Mammal
  2498 | D:3      | 2498 ||| CASTING Summon Small Mammal
  2556 | D:3      | 2556 ||| Stepping ~*~*~tactically~*~*~ (stealth).
  2557 | D:3      | 2557 ||| CASTING Summon Small Mammal
  2558 | D:3      | 2558 ||| CASTING Summon Small Mammal
  2559 | D:3      | 2559 ||| CASTING Summon Small Mammal
  2560 | D:3      | 2560 ||| CASTING Summon Small Mammal
  2561 | D:3      | 2561 ||| CASTING Summon Small Mammal
  2567 | D:3      | 2567 ||| Stepping ~*~*~tactically~*~*~ (outnumbered).
  2568 | D:3      | 2568 ||| CASTING Summon Small Mammal
  2576 | D:3      | 2576 ||| Stepping ~*~*~tactically~*~*~ (outnumbered).
  2579 | D:3      | 2579 ||| CASTING Summon Small Mammal
  2590 | D:3      | 2590 ||| CASTING Summon Small Mammal
  2815 | D:3      | 2815 ||| CASTING Summon Small Mammal
  2816 | D:3      | 2816 ||| CASTING Summon Small Mammal
  2817 | D:3      | 2817 ||| CASTING Summon Small Mammal
  2818 | D:3      | 2818 ||| CASTING Summon Small Mammal
  2819 | D:3      | 2819 ||| CASTING Summon Small Mammal
  2826 | D:3      | 2826 ||| CASTING Summon Small Mammal
  2892 | D:3      | Found a runed translucent door.
  2893 | D:3      | Noticed Crazy Yiuf
  2950 | D:3      | 2950 ||| CASTING Summon Small Mammal
  2951 | D:3      | 2951 ||| CASTING Summon Small Mammal
  2952 | D:3      | 2952 ||| CASTING Summon Small Mammal
  2953 | D:3      | 2953 ||| CASTING Summon Small Mammal
  2954 | D:3      | 2954 ||| CASTING Summon Small Mammal
  3009 | D:3      | 3009 ||| Stepping ~*~*~tactically~*~*~ (hiding).
  3014 | D:3      | 3014 ||| CASTING Summon Small Mammal
  3015 | D:3      | 3015 ||| CASTING Summon Small Mammal
  3016 | D:3      | 3016 ||| CASTING Summon Small Mammal
  3017 | D:3      | 3017 ||| CASTING Summon Small Mammal
  3018 | D:3      | 3018 ||| CASTING Summon Small Mammal
  3175 | D:3      | 3175 ||| CASTING Summon Small Mammal
  3176 | D:3      | 3176 ||| CASTING Summon Small Mammal
  3177 | D:3      | 3177 ||| CASTING Summon Small Mammal
  3178 | D:3      | 3178 ||| CASTING Summon Small Mammal
  3179 | D:3      | 3179 ||| CASTING Summon Small Mammal
  3186 | D:3      | 3186 ||| CASTING Summon Small Mammal
  3197 | D:3      | 3197 ||| CASTING Summon Small Mammal
  3264 | D:3      | 3264 ||| CASTING Summon Small Mammal
  3265 | D:3      | 3265 ||| CASTING Summon Small Mammal
  3266 | D:3      | 3266 ||| CASTING Summon Small Mammal
  3399 | D:3      | 3399 ||| READING scroll labelled NYXOMA OMUUZUGREW.
  3400 | D:3      | 3400 ||| DRINKING 3 fizzy blue potions.
  3401 | D:3      | 3401 ||| READING 2 scrolls of identify.
  3401 | D:3      | 3401 ||| IDENTIFYING lumpy black potion
  3402 | D:3      | 3402 ||| DROPPING potion of attraction.
  3476 | D:4      | 3476 ||| CASTING Summon Small Mammal
  3477 | D:4      | 3477 ||| CASTING Summon Small Mammal
  3478 | D:4      | 3478 ||| CASTING Summon Small Mammal
  3479 | D:4      | 3479 ||| CASTING Summon Small Mammal
  3480 | D:4      | 3480 ||| CASTING Summon Small Mammal
  3561 | D:4      | Noticed Pargi
  3564 | D:4      | 3564 ||| CASTING Summon Small Mammal
  3565 | D:4      | 3565 ||| CASTING Summon Small Mammal
  3566 | D:4      | 3566 ||| CASTING Summon Small Mammal
  3567 | D:4      | 3567 ||| CASTING Summon Small Mammal
  3568 | D:4      | 3568 ||| CASTING Summon Small Mammal
  3571 | D:4      | HP: 8/36 [Pargi (2)]
  3572 | D:4      | 3572 ||| Stepping ~*~*~tactically~*~*~ (outnumbered).
  3575 | D:4      | 3575 ||| Stepping ~*~*~tactically~*~*~ (outnumbered).
  3575 | D:4      | HP: 2/36 [Pargi (5)]
  3576 | D:4      | 3576 ||| CASTING Summon Small Mammal
  3577 | D:4      | Slain by Pargi

Levels and vault maps discovered:
D:1:      dpeg_arrival_tiny_c, layout_rooms,
          wander_ebering_terrifying_dragon_lair
D:2:      layout_loops_cross, basic_altar, minmay_crystal_water,
          kennysheep_generic_room_14
D:3:      layout_rooms, elyvilon_altar_1, st_stairs_7, eino_curves_02,
          uniq_crazy_yiuf_cottage
D:4:      layout_rooms, mainiacjoe_overflow_catwalk_spiral,
          mainiacjoe_overflow_surrounded_room, moated_statue, uniq_pargi,
          uniq_robin, uniq_menkaure

Skill      XL: |  1  2  3  4 |
---------------+-------------+-----
Axes           | 1 2 3 |  3.5
Fighting       | 1 2 |  2.0
Dodging        | |  1.7
Stealth        | |  2.1
Spellcasting   | |  1.7
Summonings     | |  3.6

Action                   |  1- 3 |  4- 6 || total
-------------------------+-------+-------++-------
Melee: Short sword       |    10 |       ||    10
       Whip              |    67 |   111 ||   178
 Cast: Summon Small Mamm |    56 |    71 ||   127
  Use: Scroll            |     1 |     6 ||     7
       Potion            |       |     2 ||     2
 Stab: Distracted        |     2 |     2 ||     4
Armor: Robe              |    13 |       ||    13
       Ring mail         |    24 |    58 ||    82
Dodge: Dodged            |    52 |   125 ||   177

Table legend:
 A = Non-vault XP
 B = Vault XP
 C = Vault XP percentage of total XP
 D = Non-vault monster count
 E = Vault monster count
 F = Vault count percentage of total count
                 A         B        C        D         E       F
            +---------+---------+-------+---------+---------+-------
      Total |     161 |       3 |   1.8 |      43 |       2 |   4.4
            +---------+---------+-------+---------+---------+-------
        D:1 |      23 |       1 |   4.2 |      13 |       1 |   7.1
        D:2 |      52 |       0 |   0.0 |      10 |       0 |   0.0
        D:3 |      84 |       2 |   2.3 |      19 |       1 |   5.0
        D:4 |       2 |       0 |   0.0 |       1 |       0 |   0.0
            +---------+---------+-------+---------+---------+-------
